[Event "Titled Tuesday Blitz November 30 2021"]
[White "Rasulov, Vugar"]
[Black "Vovk, Orest"]
[WhiteFideId "13402390"]
[BlackFideId "14113490"]
[WhiteElo "2560"]
[BlackElo "2203"]
[Result "1-0"]
[Round "02"]
[TimeControl "180+1"]
[Date "2021.11.30"]
[WhiteClock "0:01:18"]
[BlackClock "0:00:02"]

1. e4 Nc6 2. Nf3 d5 3. exd5 Qxd5 4. Nc3 Qa5 5. Bb5 Bd7 6. O-O a6 7. Bc4 Nf6 8. h3 O-O-O 9. d3 e6 10. Bd2 Qh5 11. Qe2 Bd6 12. Ne4 Nxe4 13. dxe4 Ne5 14. Nxe5 Qxe2 15. Bxe2 Bxe5 16. Bc1 Bc6 17. Bd3 Bb5 18. Rd1 Bxd3 19. cxd3 Rd7 20. Kf1 Rhd8 21. Ke2 c5 22. f4 Bd4 23. Rb1 f5 24. b4 fxe4 25. dxe4 c4 26. b5 a5 27. b6 e5 28. Rb5 Rd6 29. a4 Bxb6 30. Rxd6 Rxd6 31. fxe5 Rc6 32. Bd2 c3 33. Bxc3 Rxc3 34. Rxb6 Rc4 35. Kf3 Rxa4 36. e6 Ra1 37. Kf4 a4 38. e7 Kd7 39. Rxb7+ Ke8 40. Ke5 Rf1 41. Ra7 Rf6 42. g4 a3 43. g5 Rb6 44. Rxa3 Rb5+ 45. Ke6 Rb6+ 46. Kf5 Kxe7 47. Ra7+ Kf8 48. h4 Rb1 49. h5 Rf1+ 50. Ke6 Kg8 51. e5 Rf8 52. Kd6 Rd8+ 53. Rd7 Ra8 54. e6 Kf8 55. Rf7+ Kg8 56. Rc7 Rd8+ 57. Ke7 Ra8 58. Rd7 1-0


[Site "https://www.chess.com"]

[Event "Titled Tuesday Blitz November 30 2021"]
[White "Sadhwani, Raunak"]
[Black "Vaishali, Rameshbabu"]
[WhiteFideId "35093487"]
[BlackFideId "5091756"]
[WhiteElo "2517"]
[BlackElo "2313"]
[Result "0-1"]
[Round "02"]
[TimeControl "180+1"]
[Date "2021.11.30"]
[WhiteClock "0:00:02"]
[BlackClock "0:00:09"]

1. c4 Nf6 2. Nc3 c5 3. Nf3 e6 4. e3 d5 5. d4 a6 6. cxd5 exd5 7. g3 c4 8. Bg2 Bb4 9. O-O O-O 10. Bd2 Nc6 11. Ne5 Re8 12. Nxc6 bxc6 13. b3 Bf5 14. bxc4 Bd3 15. Re1 Bxc4 16. Qc2 Bxc3 17. Bxc3 h5 18. f3 h4 19. g4 Nh7 20. h3 Ng5 21. Qf2 Qf6 22. e4 Ne6 23. e5 Qf4 24. Rad1 g5 25. Bb2 Rab8 26. Bc1 Qg3 27. Qxg3 hxg3 28. h4 gxh4 29. f4 Rb1 30. f5 Rxc1 31. Rxc1 Nxd4 32. Kh1 Be2 33. g5 Rxe5 34. Bh3 Bf3+ 35. Kg1 Re2 36. Rb1 Rh2 37. Re8+ Kh7 38. g6+ Kh6 39. Rh8+ Kg5 40. Bg2 Rxg2+ 41. Kf1 Rf2+ 42. Ke1 Nc2# 0-1


[Site "https://www.chess.com"]

[Event "Titled Tuesday Blitz November 30 2021"]
[White "Saraci, Nderim"]
[Black "Adewumi, Tanitoluwa"]
[WhiteFideId "6351921"]
[BlackFideId "30966396"]
[WhiteElo "2480"]
[BlackElo "2564"]
[Result "1-0"]
[Round "02"]
[TimeControl "180+1"]
[Date "2021.11.30"]
[WhiteClock "0:00:05"]
[BlackClock "0:00:05"]

1. d4 Nf6 2. c4 g6 3. Nf3 Bg7 4. g3 O-O 5. Bg2 d6 6. O-O Nc6 7. Nc3 e5 8. dxe5 Nxe5 9. Nxe5 dxe5 10. Bg5 Qe8 11. Nd5 Nxd5 12. cxd5 e4 13. Rc1 Be5 14. Bh6 Bxb2 15. Rxc7 Qe5 16. Qc2 Rd8 17. Bf4 Qf6 18. Bxe4 Be5 19. Bxe5 Qxe5 20. Bg2 Bg4 21. e4 Rac8 22. Rxc8 Rxc8 23. Qd2 b5 24. h3 Bd7 25. f4 Qc3 26. Qxc3 Rxc3 27. Rf3 Rc1+ 28. Rf1 Rc3 29. e5 Rxg3 30. Kh2 Rd3 31. Rf2 a5 32. Re2 Kf8 33. d6 b4 34. Be4 Rd4 35. Kg3 Bb5 36. Re3 Rd2 37. a3 Ke8 38. axb4 axb4 39. Rb3 Rd4 40. Bf3 Ba4 41. Rb1 b3 42. Rc1 b2 43. Rc8+ Kd7 44. Rb8 Rd3 45. Rxb2 Bc6 46. Rf2 f6 47. Kg2 Rxf3 48. Rxf3 Ke6 49. Kg3 Bxf3 50. Kxf3 g5 51. exf6 gxf4 52. d7 Kxd7 53. Kxf4 Ke6 54. Kg5 Kf7 55. Kf5 Kf8 56. Ke6 Ke8 57. h4 Kf8 58. h5 Ke8 59. f7+ Kf8 60. Kf6 h6 61. Kg6 Ke7 62. Kg7 Ke6 1-0


[Site "https://www.chess.com"]

[Event "Titled Tuesday Blitz November 30 2021"]
[White "Sawlin, Leonid"]
[Black "Kollars, Dmitrij"]
[WhiteFideId "4689542"]
[BlackFideId "12909572"]
[WhiteElo "2412"]
[BlackElo "2584"]
[Result "1/2-1/2"]
[Round "02"]
[TimeControl "180+1"]
[Date "2021.11.30"]
[WhiteClock "0:01:49"]
[BlackClock "0:00:07"]

1. e4 e6 2. d4 d5 3. Nc3 Nf6 4. e5 Nfd7 5. f4 c5 6. Nf3 Nc6 7. Be3 a6 8. Qd2 b5 9. dxc5 Bxc5 10. Qf2 Qb6 11. Bxc5 Qxc5 12. a3 Bb7 13. Bd3 h6 14. h4 Rc8 15. Ne2 f6 16. exf6 Qxf2+ 17. Kxf2 gxf6 18. Ned4 Nxd4 19. Nxd4 Nc5 20. Rae1 Kf7 21. Rh3 Ne4+ 22. Bxe4 dxe4 23. c3 Rhg8 24. Re2 Rg4 25. g3 Rcg8 26. Re3 Rd8 27. Rh1 e5 28. fxe5 fxe5 29. Nb3 Ke7 30. Rhe1 Rf8+ 31. Kg2 Rf3 32. Rxf3 exf3+ 33. Kf2 Kd6 34. Nd2 e4 35. Rd1 Ke5 36. Nf1 Rg7 37. Ne3 Bc6 38. Rd4 Rg8 39. Nc2 a5 40. Ne3 Re8 41. a4 bxa4 42. Rc4 Kd6 43. Nf5+ Kd7 44. Rd4+ Kc7 45. Rc4 Kb6 46. Ke3 Rf8 47. Nd4 Bb7 48. Kf2 Re8 49. Nc2 Re5 50. Rxa4 Rd5 51. Rd4 Rb5 52. b4 a4 53. Na3 Rf5 54. Nc4+ Kc7 55. Ne3 Rf6 56. b5 Kb6 57. Rxa4 Kxb5 58. Rb4+ Ka6 59. Ra4+ Kb6 60. Rb4+ Kc7 61. Rc4+ Kd6 62. Rd4+ Kc7 63. Rc4+ Kd6 64. Rb4 Kc7 65. Rc4+ 1/2-1/2


[Site "https://www.chess.com"]

[Event "Titled Tuesday Blitz November 30 2021"]
[White "Svane, Frederik"]
[Black "Bilych, Olexiy"]
[WhiteFideId "12923044"]
[BlackFideId "14156504"]
[WhiteElo "2459"]
[BlackElo "2195"]
[Result "1-0"]
[Round "02"]
[TimeControl "180+1"]
[Date "2021.11.30"]
[WhiteClock "0:00:14"]
[BlackClock "0:00:03"]

1. c4 e5 2. e3 Nf6 3. Nc3 d6 4. g3 g6 5. Bg2 Bg7 6. Nge2 O-O 7. O-O c6 8. d4 Nbd7 9. b3 Re8 10. Ba3 Bf8 11. Qc2 h5 12. h3 Qe7 13. dxe5 Qxe5 14. Rad1 a5 15. Na4 Nc5 16. Bb2 Qe7 17. Nxc5 dxc5 18. Qc3 Bg7 19. e4 Rf8 20. e5 Ne8 21. Nf4 Nc7 22. Rfe1 Ne6 23. Qf3 Ng5 24. Qe3 a4 25. Ba3 Ra5 26. Qd2 Ra7 27. Qd6 Qxd6 28. exd6 axb3 29. Bxc5 Ra5 30. Bb4 Ra4 31. a3 Bd7 32. h4 Ne6 33. Nxe6 fxe6 34. c5 Raa8 35. Bf1 b2 36. Bc4 Rae8 37. Kg2 Kh7 38. Re2 Rf5 39. a4 Ref8 40. Ba3 Ra8 41. Bxb2 Bxb2 42. Rxb2 Rxa4 43. Rxb7 Rxc4 44. Rxd7+ Kh6 45. Rd2 Rcxc5 46. Rd8 Rcd5 47. Re2 e5 48. Rc2 c5 49. Rb2 e4 50. Rb7 g5 51. Re8 Rd2 52. Re6+ Rf6 53. Rxf6# 1-0


[Site "https://www.chess.com"]

[Event "Titled Tuesday Blitz November 30 2021"]
[White "Tabatabaei, M. Amin"]
[Black "Horobetz, Graham"]
[WhiteFideId "12521213"]
[BlackFideId "2047322"]
[WhiteElo "2555"]
[BlackElo "2607"]
[Result "1-0"]
[Round "02"]
[TimeControl "180+1"]
[Date "2021.11.30"]
[WhiteClock "0:01:21"]
[BlackClock "0:00:07"]

1. c4 c5 2. g3 g6 3. Bg2 Bg7 4. Nc3 Nc6 5. a3 e5 6. Rb1 a5 7. e3 Nge7 8. Nge2 d6 9. O-O Be6 10. Nd5 O-O 11. d3 Rb8 12. Nec3 Qd7 13. b4 axb4 14. axb4 Nxb4 15. Nxb4 cxb4 16. Rxb4 d5 17. Ba3 dxc4 18. dxc4 Rfd8 19. Qb1 Nc6 20. Rd1 Qc7 21. Rxd8+ Nxd8 22. Nd5 Qa5 23. Rb3 h5 24. Bd6 Ra8 25. Ra3 Qxa3 26. Bxa3 Rxa3 27. h3 h4 28. Qb6 Nc6 29. Qxb7 Na5 30. Qb8+ Kh7 31. g4 Nxc4 32. g5 Nd2 33. Nf6+ Bxf6 34. gxf6 Ra1+ 35. Kh2 Nf1+ 36. Bxf1 Rxf1 37. Kg2 Bxh3+ 38. Kxh3 Rxf2 39. Qxe5 Rf5 40. Qe7 Kg8 41. Qe8+ 1-0


[Site "https://www.chess.com"]

[Event "Titled Tuesday Blitz November 30 2021"]
[White "Tang, Andrew"]
[Black "Sydoryka, Vladyslav"]
[WhiteFideId "2059630"]
[BlackFideId "14145928"]
[WhiteElo "2588"]
[BlackElo "2264"]
[Result "0-1"]
[Round "02"]
[TimeControl "180+1"]
[Date "2021.11.30"]
[WhiteClock "0:00:05"]
[BlackClock "0:00:29"]

1. d4 Nf6 2. c4 e6 3. Nc3 Bb4 4. Qc2 O-O 5. Nf3 b6 6. e4 Bxc3+ 7. bxc3 Bb7 8. Bd3 d5 9. cxd5 exd5 10. e5 Ne4 11. Nd2 f5 12. f3 Qh4+ 13. g3 Nxg3 14. hxg3 Qxh1+ 15. Nf1 Qxf3 16. Ba3 Rf7 17. Be2 Qe4 18. Qxe4 fxe4 19. Ne3 c6 20. Bg4 Kh8 21. e6 Rf6 22. e7 Na6 23. Bd7 Nc7 24. Ng4 Rf3 25. Ne5 Rxc3 26. Bd6 Bc8 27. Kd2 Bxd7 28. Kxc3 Nb5+ 29. Kd2 Nxd6 30. Nxd7 Re8 31. Rf1 g6 32. Ne5 Rxe7 33. Nxc6 Rc7 34. Nb4 Nf5 35. g4 Nxd4 36. Nxd5 Rd7 37. Nf6 Rf7 38. Ke3 Nf5+ 39. gxf5 Rxf6 40. Kxe4 Rxf5 41. Rd1 Rf7 0-1


[Site "https://www.chess.com"]

[Event "Titled Tuesday Blitz November 30 2021"]
[White "Terry, Renato"]
[Black "Druska, Juraj"]
[WhiteFideId "3803457"]
[BlackFideId "14915650"]
[WhiteElo "2577"]
[BlackElo "2369"]
[Result "1-0"]
[Round "02"]
[TimeControl "180+1"]
[Date "2021.11.30"]
[WhiteClock "0:00:26"]
[BlackClock "0:00:09"]

1. e4 d5 2. exd5 Qxd5 3. Nc3 Qd8 4. Bc4 g6 5. Nf3 Bg7 6. d4 Nf6 7. Bf4 O-O 8. Qd2 Nbd7 9. O-O Nb6 10. Bb3 a5 11. a3 a4 12. Ba2 Nfd5 13. Nxd5 Nxd5 14. Be5 c6 15. Rfe1 Bg4 16. Bxg7 Kxg7 17. Ne5 Be6 18. Re2 Nc7 19. c4 Qd6 20. Qc3 f6 21. Nd3 Bf7 22. Rae1 Rfe8 23. Nc5 b6 24. Ne4 Qd7 25. Rd2 Red8 26. h3 Ne6 27. d5 cxd5 28. cxd5 Nf8 29. d6 Bxa2 30. Nxf6 e5 31. Nxd7 Nxd7 32. Rxe5 Nxe5 33. Qxe5+ Kg8 34. d7 Bf7 35. Qe7 Rf8 36. d8=Q 1-0


[Site "https://www.chess.com"]

[Event "Titled Tuesday Blitz November 30 2021"]
[White "Trent, Lawrence"]
[Black "Siva Mahadevan"]
[WhiteFideId "408638"]
[BlackFideId "25043153"]
[WhiteElo "2474"]
[BlackElo "2203"]
[Result "0-1"]
[Round "02"]
[TimeControl "180+1"]
[Date "2021.11.30"]
[WhiteClock "0:00:06"]
[BlackClock "0:00:36"]

1. e4 c5 2. Nc3 Nc6 3. Nf3 d6 4. Bb5 Bd7 5. Bxc6 Bxc6 6. d4 cxd4 7. Qxd4 e5 8. Qd3 h6 9. Be3 Nf6 10. h3 Be7 11. O-O Qd7 12. Rfd1 O-O 13. Nd2 b5 14. a4 b4 15. Ne2 Bxa4 16. Ng3 Rfc8 17. Nb3 Bb5 18. Qd2 Rc4 19. f3 Qc7 20. Nf5 Bf8 21. Rac1 Rd8 22. Bf2 Rd7 23. Ne3 d5 24. exd5 e4 25. Nxc4 Bxc4 26. Qe3 exf3 27. Qxf3 Bxd5 28. Qe3 Bd6 29. Nd4 Bf4 30. Qe1 Re7 31. Qxb4 Bxc1 32. Rxc1 Re4 33. c3 Qf4 34. Rf1 Qg5 35. Qb8+ Kh7 36. Qg3 Qh5 37. Qf3 Qxf3 38. Nxf3 Re2 39. b4 a6 40. Bd4 Ne4 41. Re1 Ra2 42. c4 Bb7 43. Ne5 Ng5 44. Bf2 f6 45. Nd7 Ne4 46. Bd4 Nd6 47. c5 Rxg2+ 48. Kf1 Nf5 49. Bf2 Rh2 50. Nf8+ Kg8 51. Ne6 Bf3 52. c6 Bxc6 53. Nf4 g5 54. Re6 Bb5+ 55. Kg1 Rxf2 56. Kxf2 gxf4 57. Rxf6 Bd7 58. Rxa6 Kf7 59. Ra7 Ke6 60. Ra6+ Nd6 61. Kf3 Ke5 62. Ra5+ Nb5 63. h4 h5 64. Ra6 Bg4+ 65. Kf2 Nd6 66. Ra5+ Kd4 67. b5 Ne4+ 68. Kg1 f3 69. Ra2 f2+ 70. Kg2 Bh3+ 0-1


[Site "https://www.chess.com"]

[Event "Titled Tuesday Blitz November 30 2021"]
[White "Willow, Jonah B"]
[Black "Sanchez Alvares, Kelvin Antonio"]
[WhiteFideId "438804"]
[BlackFideId "3906680"]
[WhiteElo "2261"]
[BlackElo "2193"]
[Result "1-0"]
[Round "02"]
[TimeControl "180+1"]
[Date "2021.11.30"]
[WhiteClock "0:01:46"]
[BlackClock "0:01:55"]

1. e4 c5 2. Nf3 d6 3. Nc3 Nf6 4. e5 dxe5 5. Nxe5 a6 6. g3 Qc7 7. d4 cxd4 8. Qxd4 Nc6 9. Nxc6 Qxc6 10. Bg5 Qxh1 11. O-O-O Be6 12. Bb5+ Qc6 13. Bxc6+ bxc6 14. Qb6 Rc8 15. Qxa6 g6 16. Re1 Rc7 17. Bf4 1-0


[Site "https://www.chess.com"]

[Event "Titled Tuesday Blitz November 30 2021"]
[White "Wong, Yinn Long"]
[Black "So, Wesley"]
[WhiteFideId "5707684"]
[BlackFideId "5202213"]
[WhiteElo "2016"]
[BlackElo "2814"]
[Result "0-1"]
[Round "02"]
[TimeControl "180+1"]
[Date "2021.11.30"]
[WhiteClock "0:00:14"]
[BlackClock "0:00:23"]

1. e4 c5 2. Nc3 Nc6 3. g3 g6 4. Bg2 Bg7 5. d3 d6 6. Nge2 Nf6 7. O-O O-O 8. f4 Rb8 9. a4 a6 10. f5 b5 11. axb5 axb5 12. Qe1 b4 13. Nd1 Nd7 14. Ne3 Nde5 15. Nf4 e6 16. Rb1 exf5 17. exf5 Nd4 18. fxg6 hxg6 19. Bd2 Bb7 20. Nfd5 b3 21. c3 Nxd3 22. Qd1 Ne6 23. Qxb3 Ne5 24. Qc2 Ba6 25. c4 Nd4 26. Qa4 Ra8 27. Nf6+ Bxf6 28. Bxa8 Ne2+ 29. Kf2 Qxa8 30. Nd5 Ng4+ 31. Kxe2 Qxd5 32. Rf4 Qg2+ 33. Kd1 Bb7 34. Kc2 Be4+ 35. Rxe4 Qxe4+ 36. Kc1 Ne3 37. Qb3 Qh1+ 0-1


[Site "https://www.chess.com"]

[Event "Titled Tuesday Blitz November 30 2021"]
[White "Xiong, Jeffery"]
[Black "Czopor, Maciej"]
[WhiteFideId "2047640"]
[BlackFideId "21805431"]
[WhiteElo "2699"]
[BlackElo "1999"]
[Result "1-0"]
[Round "02"]
[TimeControl "180+1"]
[Date "2021.11.30"]
[WhiteClock "0:00:24"]
[BlackClock "0:00:03"]

1. d4 Nf6 2. c4 c6 3. Nf3 d5 4. Nc3 e6 5. e3 Bb4 6. Bd2 O-O 7. Bd3 Nbd7 8. O-O b6 9. Nxd5 Nxd5 10. cxd5 Bxd2 11. dxe6 Bb4 12. exd7 Bxd7 13. Ne5 Bd6 14. Nxd7 Qxd7 15. Qc2 g6 16. Rfd1 Rac8 17. a3 c5 18. Ba6 Rc7 19. d5 f5 20. g3 Qe7 21. Bb5 h5 22. Qc4 Qe5 23. Rd2 Rh7 24. h4 Re7 25. a4 a5 26. Rc1 Rb8 27. Qb3 Qf6 28. Rc4 Kg7 29. Kg2 Re5 30. Bc6 Qe7 31. Qd1 Qf6 32. Rd3 Re7 33. Rb3 Re5 34. Qd3 Qe7 35. Rb5 Qc7 36. Qc3 Kh7 37. Qd2 Qe7 38. Qd3 Qf6 39. Rb3 Qe7 40. Rbc3 Qf6 41. Rc2 Re7 42. Rd2 Re5 43. Re2 Rf8 44. f4 Re7 45. e4 fxe4 46. Rcxe4 Rxe4 47. Qxe4 Rf7 48. Qe6 Kg7 49. Qxf6+ Rxf6 50. Re8 Rf8 51. Re6 Rf6 52. Re3 Rf7 53. Rb3 Bc7 54. d6 Bxd6 55. Rxb6 c4 56. Be8 Rf6 57. Rc6 Re6 58. Bd7 Re2+ 59. Kf3 Rd2 60. Be8 Bb4 61. Rxc4 Rxb2 62. Rc6 Rb3+ 63. Kf2 Rb2+ 64. Kf1 Rb1+ 65. Kg2 Rb2+ 66. Kh3 Be1 67. Rxg6+ Kf8 68. Bb5 Rb3 69. Rg5 Kf7 70. Bc4+ 1-0


[Site "https://www.chess.com"]

[Event "Titled Tuesday Blitz November 30 2021"]
[White "Andreikin, Dmitry"]
[Black "Pakleza, Zbigniew"]
[WhiteFideId "4158814"]
[BlackFideId "1119290"]
[WhiteElo "2736"]
[BlackElo "2526"]
[Result "1-0"]
[Round "03"]
[TimeControl "180+1"]
[Date "2021.11.30"]
[WhiteClock "0:00:14"]
[BlackClock "0:00:13"]

1. Nf3 d5 2. e3 Nf6 3. c4 c6 4. Nc3 Bg4 5. cxd5 Bxf3 6. gxf3 cxd5 7. Qb3 Qd7 8. d4 Nc6 9. Bd2 e6 10. Rg1 g6 11. O-O-O Bd6 12. Kb1 Bxh2 13. Rh1 Bd6 14. Nb5 O-O-O 15. e4 dxe4 16. Bg5 Be7 17. Rc1 Kb8 18. Bf4+ Ka8 19. Nc7+ Kb8 20. Nd5+ Ka8 21. Nc7+ Kb8 22. Nxe6+ Bd6 23. Nxd8 Rxd8 24. Bh3 Qc7 25. Bg5 Be7 26. Bxf6 Bxf6 27. d5 Nd4 28. Rxc7 Nxb3 29. Rxf7 Nd2+ 30. Kc2 Nxf3 31. Rxf6 Rxd5 32. Rd1 Rc5+ 33. Kb1 a6 34. a3 Ng5 35. Bg2 Ka7 36. Rf4 Re5 37. Re1 h5 38. Bxe4 Ne6 39. Rf6 Nc5 40. f3 g5 41. Rf5 1-0


[Site "https://www.chess.com"]

[Event "Titled Tuesday Blitz November 30 2021"]
[White "Arencibia Monduy, Antonio"]
[Black "Donchenko, Alexander"]
[WhiteFideId "3507939"]
[BlackFideId "24603295"]
[WhiteElo "2550"]
[BlackElo "2490"]
[Result "0-1"]
[Round "03"]
[TimeControl "180+1"]
[Date "2021.11.30"]
[WhiteClock "0:00:02"]
[BlackClock "0:01:03"]

1. c4 Nf6 2. g3 e6 3. Bg2 d5 4. cxd5 exd5 5. Nf3 Bd6 6. O-O O-O 7. b3 Qe7 8. Bb2 c6 9. d3 Re8 10. e3 a5 11. h3 Nbd7 12. Nc3 Ba3 13. Qc1 Bxb2 14. Qxb2 Nc5 15. Rfd1 a4 16. b4 a3 17. Qc2 Na6 18. b5 Nb4 19. Qb3 c5 20. Rab1 Be6 21. d4 b6 22. Ne5 Bf5 23. Rbc1 c4 24. Nxc4 dxc4 25. Qxc4 Rac8 26. Qe2 Ne4 27. Nxe4 Bxe4 28. f3 Bd3 29. Qd2 Bc4 30. e4 Bxa2 31. d5 Qd6 32. f4 Bb3 33. e5 Qf8 34. Re1 Nc2 35. Rf1 Qc5+ 36. Kh2 a2 37. d6 Red8 38. Be4 Qd4 0-1


[Site "https://www.chess.com"]

[Event "Titled Tuesday Blitz November 30 2021"]
[White "Awatramani, Janak"]
[Black "Klabis, Rokas"]
[WhiteFideId "2608359"]
[BlackFideId "12805246"]
[WhiteElo "2815"]
[BlackElo "2255"]
[Result "1-0"]
[Round "03"]
[TimeControl "180+1"]
[Date "2021.11.30"]
[WhiteClock "0:01:04"]
[BlackClock "0:01:07"]

1. e4 e5 2. Nf3 Nc6 3. Bc4 Nf6 4. d3 d6 5. Ng5 d5 6. exd5 Na5 7. Nc3 h6 8. Nge4 Bb4 9. O-O Bxc3 10. Nxc3 O-O 11. Re1 Re8 12. Qf3 a6 13. a4 Nxc4 14. dxc4 Qd6 15. b3 Bd7 16. Ba3 Qb6 17. Ne4 Nxe4 18. Rxe4 Qg6 19. Rae1 f6 20. Qg3 Bf5 21. Qxg6 Bxg6 22. R4e2 b5 23. c5 Kf7 24. Rd2 Red8 25. g3 Rd7 26. f4 exf4 27. gxf4 Rad8 28. c4 bxa4 29. c6 axb3 30. cxd7 1-0


[Site "https://www.chess.com"]

[Event "Titled Tuesday Blitz November 30 2021"]
[White "Azarov, Sergei"]
[Black "Atakishiyev, Elmar"]
[WhiteFideId "13501470"]
[BlackFideId "13410547"]
[WhiteElo "2494"]
[BlackElo "2088"]
[Result "1/2-1/2"]
[Round "03"]
[TimeControl "180+1"]
[Date "2021.11.30"]
[WhiteClock "0:00:10"]
[BlackClock "0:01:14"]

1. e4 e6 2. d4 d5 3. Nd2 dxe4 4. Nxe4 Nd7 5. Nf3 Ngf6 6. Nxf6+ Nxf6 7. Ne5 c5 8. Bb5+ Nd7 9. Qf3 f6 10. Bxd7+ Bxd7 11. Qh5+ g6 12. Nxg6 hxg6 13. Qxh8 cxd4 14. O-O e5 15. Bh6 Qe7 16. Bxf8 Qxf8 17. Qxf8+ Kxf8 18. f4 Bb5 19. fxe5 Bxf1 20. Rxf1 f5 21. g4 Rc8 22. gxf5 Rxc2 23. fxg6+ Kg7 24. e6 d3 25. e7 Re2 26. Rd1 Rxe7 27. Rxd3 Kxg6 28. Kf2 Kf6 29. Rf3+ Kg5 30. Kg3 Re2 31. Rb3 b6 32. Rb5+ Kg6 33. h4 Rd2 34. h5+ Kh6 35. Kf4 Rd4+ 36. Ke5 Ra4 37. a3 Kxh5 38. Kd6+ Kg6 39. Kc6 Kf6 40. Kb7 Ke6 41. Rb4 Ra5 42. a4 Kd6 43. b3 Kd5 44. Rh4 b5 45. Rh5+ Kd4 46. Rxb5 Rxb5+ 47. axb5 Kc5 48. Ka6 Kb4 49. Kxa7 Kxb5 50. Kb7 Kb4 51. Kb6 Kxb3 1/2-1/2


[Site "https://www.chess.com"]

[Event "Titled Tuesday Blitz November 30 2021"]
[White "Bologan, Victor"]
[Black "Potapova, Margarita"]
[WhiteFideId "13900048"]
[BlackFideId "14126869"]
[WhiteElo "2472"]
[BlackElo "2247"]
[Result "1/2-1/2"]
[Round "03"]
[TimeControl "180+1"]
[Date "2021.11.30"]
[WhiteClock "0:00:28"]
[BlackClock "0:00:18"]

1. e4 c5 2. Nf3 d6 3. d4 cxd4 4. Nxd4 Nf6 5. Nc3 a6 6. Be3 e5 7. Nf3 Qc7 8. a4 Be7 9. a5 O-O 10. Be2 h6 11. O-O Be6 12. Nd5 Nxd5 13. exd5 Bg4 14. Bb6 Qc8 15. c3 Nd7 16. Nd2 Bxe2 17. Qxe2 Nxb6 18. axb6 Qc5 19. Nc4 Qxd5 20. Rfd1 Qe6 21. Ra5 Rac8 22. Rad5 Rc6 23. b3 Qg6 24. g3 Rfc8 25. Kg2 h5 26. f4 Bf6 27. Nxd6 exf4 28. Nxc8 Rxc8 29. Qd3 Qg4 30. c4 Re8 31. Rf1 Re3 32. Qf5 Rxg3+ 33. hxg3 Qxg3+ 34. Kh1 Qh4+ 35. Kg1 Qg3+ 36. Kh1 Qh4+ 37. Kg2 Qg3+ 38. Kh1 1/2-1/2


[Site "https://www.chess.com"]

[Event "Titled Tuesday Blitz November 30 2021"]
[White "Costachi, Mihnea"]
[Black "Radovic, Janko"]
[WhiteFideId "1217518"]
[BlackFideId "911518"]
[WhiteElo "2482"]
[BlackElo "2293"]
[Result "1-0"]
[Round "03"]
[TimeControl "180+1"]
[Date "2021.11.30"]
[WhiteClock "0:01:36"]
[BlackClock "0:00:28"]

1. Nf3 d5 2. g3 Nf6 3. Bg2 e6 4. O-O Be7 5. b3 O-O 6. Bb2 c5 7. d3 Nc6 8. Ne5 Nxe5 9. Bxe5 Nd7 10. Bb2 Bf6 11. Qc1 Bxb2 12. Qxb2 Qf6 13. Qxf6 Nxf6 14. Nd2 Bd7 15. e4 Bc6 16. Rfe1 Rfd8 17. a4 b6 18. f4 a6 19. h3 h6 20. g4 b5 21. axb5 axb5 22. e5 Nd7 23. Kf2 Nb6 24. c3 b4 25. cxb4 cxb4 26. d4 Bb5 27. Bf1 Bxf1 28. Rxf1 Rdc8 29. Rxa8 Rxa8 30. Rc1 Rc8 31. Ra1 Ra8 32. Rxa8+ Nxa8 33. Nf3 Kf8 34. Ne1 Nc7 35. Nd3 Na6 36. f5 Ke7 37. Kf3 Kd7 38. h4 Ke7 39. Kf4 Kd7 40. h5 Ke7 41. g5 hxg5+ 42. Kxg5 Nc7 43. Nxb4 Nb5 44. Nc6+ Kd7 45. f6 gxf6+ 46. Kxf6 Kxc6 47. h6 Nxd4 48. h7 Nxb3 49. h8=Q Nc5 50. Qe8+ Kb6 51. Kxf7 1-0


[Site "https://www.chess.com"]

[Event "Titled Tuesday Blitz November 30 2021"]
[White "Demchenko, Anton"]
[Black "Korchmar, Vasiliy"]
[WhiteFideId "4160258"]
[BlackFideId "24131750"]
[WhiteElo "2583"]
[BlackElo "2370"]
[Result "1-0"]
[Round "03"]
[TimeControl "180+1"]
[Date "2021.11.30"]
[WhiteClock "0:00:03"]
[BlackClock "0:00:05"]

1. e4 c5 2. Nf3 d6 3. d4 cxd4 4. Nxd4 Nf6 5. Nc3 g6 6. Be3 Bg7 7. f3 O-O 8. Qd2 Nc6 9. O-O-O d5 10. Nxc6 bxc6 11. Bc4 e6 12. Bb3 Qc7 13. h4 Rd8 14. Bh6 Bxh6 15. Qxh6 Nh5 16. Kb1 Qf4 17. Qg5 Ba6 18. Rhe1 Kg7 19. Qe7 Qf6 20. Qa3 Bc4 21. Bxc4 dxc4 22. Qc5 Qxh4 23. Qxc4 Nf4 24. Qxc6 Nxg2 25. Rh1 Qf6 26. a3 Nf4 27. Qa4 Rdc8 28. e5 Qxe5 29. Rhe1 Qf6 30. Ne4 Qf5 31. Nd6 Qf6 32. Nxc8 Rxc8 33. Qxa7 Nd5 34. Qd4 h5 35. c4 Ne7 36. Qxf6+ Kxf6 37. Rc1 h4 38. b4 Nf5 39. b5 Ng3 40. a4 h3 41. c5 Kf5 42. c6 h2 43. b6 1-0


[Site "https://www.chess.com"]

[Event "Titled Tuesday Blitz November 30 2021"]
[White "Drygalov, Sergey"]
[Black "Manukyan, Sargis A."]
[WhiteFideId "24171743"]
[BlackFideId "13303970"]
[WhiteElo "2514"]
[BlackElo "2187"]
[Result "1-0"]
[Round "03"]
[TimeControl "180+1"]
[Date "2021.11.30"]
[WhiteClock "0:00:49"]
[BlackClock "0:00:52"]

1. d4 d5 2. c4 e6 3. Nf3 Nf6 4. Nc3 Be7 5. Bf4 c5 6. dxc5 Na6 7. cxd5 Nxd5 8. Nxd5 Qxd5 9. Qxd5 exd5 10. e3 Nxc5 11. Bb5+ Bd7 12. Bxd7+ Kxd7 13. Ke2 Rhd8 14. Rhd1 Ke8 15. Be5 f6 16. Bd4 Rac8 17. Bxc5 Bxc5 18. Rac1 Kf7 19. g4 Ke6 20. h4 Bb6 21. h5 Rc6 22. Ne1 Rdc8 23. Nd3 Rxc1 24. Rxc1 Rxc1 25. Nxc1 f5 26. Kf3 fxg4+ 27. Kxg4 Ke5 28. Kf3 Kf5 29. Nd3 Bc7 30. Nb4 Be5 31. b3 d4 32. e4+ Kg5 33. Nd3 Bc7 34. e5 Kxh5 35. Ke4 Kg4 36. e6 Bd8 37. Ne5+ Kh3 38. Kxd4 h5 39. Ng6 Bf6+ 40. Ke4 Kg2 41. Nf4+ Kxf2 42. Nxh5 Be7 43. Nxg7 Ke2 44. Nf5 Bf8 45. Kd4 Kd2 46. Kc4 Kc2 47. a4 a6 48. e7 b5+ 49. axb5 axb5+ 50. Kb4 Bxe7+ 51. Nxe7 1-0


[Site "https://www.chess.com"]

[Event "Titled Tuesday Blitz November 30 2021"]
[White "Gaehwiler, Gabriel"]
[Black "Svane, Frederik"]
[WhiteFideId "1314530"]
[BlackFideId "12923044"]
[WhiteElo "2320"]
[BlackElo "2459"]
[Result "1-0"]
[Round "03"]
[TimeControl "180+1"]
[Date "2021.11.30"]
[WhiteClock "0:00:13"]
[BlackClock "0:00:03"]

1. d4 Nf6 2. c4 e6 3. g3 d5 4. Bg2 Bb4+ 5. Bd2 Be7 6. Nf3 O-O 7. O-O c6 8. Qc2 b6 9. Nc3 Ba6 10. cxd5 cxd5 11. Ne5 Nfd7 12. Nxd7 Qxd7 13. Rfc1 Bb7 14. Bf4 Nc6 15. Qd2 Bf6 16. Be3 Na5 17. b3 Rac8 18. Bg5 Bxg5 19. Qxg5 h6 20. Qf4 Rc7 21. Nd1 Rfc8 22. Rxc7 Qxc7 23. Qxc7 Rxc7 24. Ne3 Ba6 25. Kf1 Rc8 26. Ke1 Nc6 27. Nc2 f5 28. Kd2 Kf7 29. Rc1 Ke7 30. e3 Kd6 31. Ne1 g5 32. Nf3 g4 33. Nh4 Nb4 34. Rxc8 Bxc8 35. a3 Nc6 36. Ng6 Bd7 37. Bf1 Be8 38. Nf4 Nd8 39. Kc3 Nf7 40. h4 gxh3 41. Bxh3 Ng5 42. Bg2 Bb5 43. Kd2 Be8 44. Kc3 Nh7 45. Kd2 Nf6 46. Bf3 Bf7 47. Kc3 Be8 48. Nd3 Bh5 49. Bxh5 Nxh5 50. Nf4 Nf6 51. f3 a5 52. Kd2 Ne8 53. Kc3 Nf6 54. Kd2 Nh7 55. Nd3 Ng5 56. Ne5 Nh7 57. Kd3 Nf6 58. Kc3 Ke7 59. Kd2 Nh5 60. g4 Nf6 61. gxf5 exf5 62. Ng6+ Kd6 63. Nf4 Ne8 64. Ke2 Nc7 65. Kf2 Nb5 66. a4 Na3 67. Ke2 Nc2 68. Kd2 Nb4 69. Ke2 Ke7 70. Kf2 Kd7 71. Ke2 Kd6 72. Kf2 Nc2 73. Ke2 Nb4 74. Kf2 Kd7 75. Kg3 Kc6 76. Ng6 Nc2 77. Kf4 Na1 78. Ne7+ Kd6 79. Nxf5+ Kc6 80. e4 Nxb3 81. Ke5 dxe4 82. fxe4 Nd2 83. d5+ Kd7 84. Nxh6 Nc4+ 85. Kd4 Nb2 86. e5 Nxa4 87. e6+ Kd8 88. d6 Nc5 89. Kd5 a4 90. Nf5 Nxe6 91. Kxe6 a3 92. Nd4 b5 93. d7 a2 94. Kd6 a1=Q 95. Nc6# 1-0


[Site "https://www.chess.com"]